 Dungeon Crawl Stone Soup version 0.29-a0-834-g1e95ca9f62 (webtiles) character file.

Game seed: 8950155486587198731

133876 wilfster70 the Slayer (level 16, -9/168 HPs)
             Began as a Minotaur Fighter on July 11, 2022.
             Was a Follower of Yredelemnul.
             Mangled by a seven-headed hydra (19 damage)
             ... called by a spriggan druid
             ... on level 4 of the Swamp on July 12, 2022.
             The game lasted 01:09:52 (33227 turns).

wilfster70 the Slayer (Minotaur Fighter)           Turns: 33227, Time: 01:09:52

Health: -9/168     AC: 27    Str: 28    XL:     16   Next: 60%
Magic:  6/15       EV: 10    Int: 15    God:    Yredelemnul [*.....]
Gold:   2027       SH:  5    Dex: 12    Spells: 15/15 levels left

rFire   + . .      SeeInvis .   b - +7 broad axe (vorpal)
rCold   . . .      Faith    .   c - +0 buckler
rNeg    . . .      Spirit   .   h - +2 plate armour {Will+}
rPois   .          Reflect  .   l - +2 hat {Will+}
rElec   +          Harm     .   p - +1 cloak
rCorr   +          Rampage  .   s - +2 pair of gloves {infuse}
Will    +++..                   N - +1 pair of boots {Fly}
Stlth   ..........              X - amulet of regeneration
HPRegen 1.18/turn               w - ring of Due Proportion {Fly rCorr}
MPRegen 0.14/turn               K - ring "Epeoraus" {Drain rElec rF+ Str+7 Int+4}

@: flying
A: horns 2, retaliatory headbutt
a: Renounce Religion, Recall Undead Harvest


You were on level 4 of the Swamp.
You worshipped Yredelemnul.
Yredelemnul was noncommittal.
You visited 5 branches of the dungeon, and saw 28 of its levels.
You also visited: Gauntlet.

You collected 2810 gold pieces.
You spent 783 gold pieces at shops.

Inventory:

Hand Weapons
 a - a +4 broad axe of flaming
 b - a +7 vorpal broad axe (weapon)
 P - the +1 flail of the Forging Gods {vamp, Fly rPois rC- SInv}
   (You found it on level 4 of the Lair of Beasts)

   It occasionally heals its wielder for a portion of the damage dealt when it
   wounds a living foe.
   rC:        It makes you vulnerable to cold.
   rPois:     It protects you from poison.
   SInv:      It lets you see invisible.
   Fly:       It grants you flight.
Missiles
 u - 6 silver boomerangs (quivered)
 y - 10 javelins
 G - 2 throwing nets
 L - 4 silver javelins
 M - 5 curare-tipped darts
Armour
 c - a +0 buckler (worn)
 h - a +2 plate armour of willpower (worn)
 l - a +2 hat of willpower (worn)
 p - a +1 cloak (worn)
 s - a +2 pair of gloves of infusion (worn)
 N - a +1 pair of boots of flying (worn)
Jewellery
 w - the ring of Due Proportion (left hand) {Fly rCorr}
   (You took it off a gnoll bouda on level 7 of the Dungeon)

   [ring of flight]

   Fly:       It grants you flight.
   rCorr:     It protects you from acid and corrosion.
 B - a +4 ring of protection
 I - a ring of ice
 K - a ring "Epeoraus" (right hand) {Drain rElec rF+ Str+7 Int+4}
   (You found it in a Gauntlet)

   [ring of protection from fire]

   Str:       It affects your strength (+7).
   Int:       It affects your intelligence (+4).
   rF:        It protects you from fire.
   rElec:     It insulates you from electricity.
   Drain:     It drains your maximum health when unequipped.
 V - a ring of see invisible
 X - an amulet of regeneration (around neck)
Wands
 k - a wand of roots (19)
 m - a wand of light (17)
 n - a wand of flame (5)
 D - a wand of polymorph (3)
 H - a wand of paralysis (20)
Scrolls
 f - a scroll of fog
 o - 2 scrolls of silence
 q - 2 scrolls of fear
 r - 4 scrolls of identify
 C - 7 scrolls of teleportation
 Q - a scroll of poison
 R - a scroll of blinking
 Y - a scroll of magic mapping
 Z - 2 scrolls of brand weapon
Potions
 d - 9 potions of might
 g - 9 potions of lignification
 i - 5 potions of berserk rage
 j - 4 potions of curing
 t - a potion of resistance
 v - 5 potions of haste
 x - 2 potions of attraction
 z - 3 potions of ambrosia
 A - 5 potions of mutation
 E - 5 potions of brilliance
 F - 5 potions of flight
 J - a potion of heal wounds
 O - 3 potions of magic
 W - 2 potions of invisibility
Miscellaneous
 e - a condenser vane
 S - a tin of tremorstones (2/2)
 T - a phial of floods
 U - a box of beasts


   Skills:
 + Level 21.8 Fighting
 - Level 18.0 Axes
 - Level 8.6 Throwing
 - Level 11.0 Armour
 - Level 7.8 Dodging
 - Level 6.0 Shields
 * Level 11.7 Evocations


You had 15 spell levels left.
You didn't know any spells.
Your spell library contained the following spells:

 Spells                   Type           Power      Damage    Failure   Level
 Sting                    Tmut/Pois      0%         1d3       95%         1
 Summon Small Mammal      Summ           0%         N/A       95%         1
 Ensorcelled Hibernation  Hex/Ice        0%         N/A       99%         2
 Poisonous Vapours        Pois/Air       0%         N/A       99%         2
 Scorch                   Fire           0%         2d5       99%         2
 Sublimation of Blood     Necr           0%         N/A       99%         2
 Call Canine Familiar     Summ           0%         N/A       100%        3
 Conjure Flame            Conj/Fire      0%         6-21      100%        3
 Dazzling Flash           Conj/Hex       0%         N/A       100%        3
 Ignite Poison            Fire/Tmut/Pois 0%         N/A       100%        3
 Mephitic Cloud           Conj/Pois/Air  0%         N/A       100%        3
 Portal Projectile        Hex/Tloc       0%         N/A       100%        3
 Spider Form              Tmut/Pois      0%         N/A       100%        3
 Summon Guardian Golem    Hex/Summ       0%         N/A       100%        3
 Anguish                  Hex/Necr       0%         N/A       100%        4
 Corpse Rot               Necr/Pois/Air  0%         N/A       100%        4
 Dispel Undead            Necr           0%         3d6       100%        4
 Flame Wave               Conj/Fire      0%         2d4       100%        4
 Iskenderun's Mystic Bla  Conj/Tloc      0%         2d3       100%        4
 Leda's Liquefaction      Hex/Erth       0%         N/A       100%        4
 Olgreb's Toxic Radiance  Pois           0%         N/A       100%        4
 Petrify                  Tmut/Erth      0%         N/A       100%        4
 Sticky Flame             Conj/Fire      0%         2d3       100%        4
 Summon Ice Beast         Ice/Summ       0%         N/A       100%        4
 Summon Lightning Spire   Summ/Air       0%         N/A       100%        4
 Borgnjor's Vile Clutch   Necr/Erth      0%         N/A       100%        5
 Freezing Cloud           Conj/Ice/Air   0%         6-21      100%        5
 Irradiate                Conj/Tmut      0%         3d11      100%        5
 Starburst                Conj/Fire      0%         6d3       100%        6
 Summon Cactus Giant      Summ           0%         N/A       100%        6
 Ozocubu's Refrigeration  Ice            0%         4d5       100%        7
 Storm Form               Tmut/Air       0%         N/A       100%        7
 Ignition                 Fire           0%         3d3       100%        8
 Maxwell's Capacitive Co  Air            0%         ∞         100%        8
 Polar Vortex             Ice            0%         N/A       100%        9
 Animate Dead             Necr           Unusable   N/A       N/A         4
 Death Channel            Necr           Unusable   N/A       N/A         6

Dungeon Overview and Level Annotations

Branches:
Dungeon (15/15)            Temple (0/1) D:4            Lair (5/6) D:10
  Swamp (4/4) Lair:4        Snake (0/4) Lair:3        Slime (0/5) Lair:5
    Orc (2/2) D:9             Elf (2/3) Orc:2        Vaults (0/5) D:13
 Depths (0/4) D:15        Gauntlet (visited)

Altars:
Ashenzari
Elyvilon
Fedhas
Hepliaklqana
Nemelex Xobeh
Qazlal
Ru
Sif Muna
Trog
Uskayaw
Vehumet
Xom
Yredelemnul
Zin
The Shining One
Jiyva

Shops:
D:3 [   D:10 !   D:12 *   D:13 *   Orc:1 *   Orc:2 *[:!   Elf:1 *=[

Portals:
Trove: D:14 (give 7 potions of haste)


Innate Abilities, Weirdness & Mutations

You have a pair of horns on your head.
You reflexively headbutt those who attack you in melee.


Message History

You headbutt the spriggan! You barely miss the spriggan.
Your headbutt misses the spriggan.
The spriggan is heavily wounded.
You slice one of the four-headed hydra's heads off!
The three-headed hydra grows two more!
You slash the five-headed hydra!
The spriggan hits you but does no damage.
The five-headed hydra bites you!
You block the five-headed hydra's attack.
The five-headed hydra bites you but does no damage.
The five-headed hydra barely misses you.
The five-headed hydra bites you!
You closely miss the spriggan. You headbutt the spriggan.
The spriggan is severely wounded.
You lop one of the five-headed hydra's heads off!
The four-headed hydra grows two more!
You slice the six-headed hydra!! You slash the spriggan!
You kill the spriggan!
You barely miss the six-headed hydra.
The six-headed hydra bites you but does no damage. x2
The six-headed hydra completely misses you.
The six-headed hydra bites you but does no damage. x3
You slice the bunyip!! You headbutt the bunyip.
The bunyip is moderately wounded.
You slice one of the six-headed hydra's heads off!
The five-headed hydra grows two more!
You slice the seven-headed hydra!! The bunyip barely misses you.
You furiously retaliate!
You headbutt the bunyip, but do no damage.
The bunyip claws you but does no damage.
The bunyip claws you!!!
* * * LOW HITPOINT WARNING * * *
The seven-headed hydra bites you!
* * * LOW HITPOINT WARNING * * *
The seven-headed hydra bites you.
* * * LOW HITPOINT WARNING * * *
The seven-headed hydra closely misses you.
The seven-headed hydra bites you!!
* * * LOW HITPOINT WARNING * * *
The seven-headed hydra bites you!!
You die...
Your body rises from the dead as a mindless zombie.

..≈≈≈≈≈≈≈≈≈≈
♣≈≈≈≈≈≈.≈≈≈
♣♣♣≈≈≈≈≈≈≈.≈.
♣♣≈.≈≈§≈≈≈§.♣
♣♣♣♣≈≈≈§§.....♣♣
♣...≈≈≈≈≈.♣♣♣♣♣♣♣♣
♣.≈≈.≈≈≈)w.≈♣♣≈..♣
♣♣.≈≈..≈♣xD♣♣♣.≈.♣
♣♣♣♣♣♣♣♣@♣≈....♣
♣≈§≈.Z♣..<≈.♣
♣.≈..≈♣♣♣≈..≈♣
♣....♣♣ ♣♣♣.♣♣
♣♣♣♣♣♣ ♣♣♣


You could see a bunyip (strong), a seven-headed hydra (strong, ally target), a
tyrant leech (strong) and a friendly spriggan druid zombie.

Vanquished Creatures
  A deep elf sorcerer (Elf:1)
  5 ghouls (Swamp:3)
  8 eleionomae
  A deep elf demonologist (Elf:2)
  A minotaur (Gauntlet)
  A bunyip (Swamp:2)
  2 fire dragons (D:15)
  Josephine (D:12)
  A deep elf high priest (Elf:1)
  A rakshasa (D:13)
  4 vault guards (D:13)
  5 boulder beetles
  11 hydras
  6 centaur warriors
  Erica (D:10)
  3 dancing weapons
  2 alligators
  A two-headed ogre (D:11)
  5 death yaks
  The ghost of Kyverph the Destroyer, a journeyman DECj of Sif Muna (Lair:2)
  A tengu warrior (D:13)
  Urug (D:12)
  An orc high priest (Orc:1)
  7 deep elf knights
  A fire crab (shapeshifter) (D:15)
  A skeletal warrior (D:14)
  A spriggan rider (Swamp:1)
  An orb spider (shapeshifter) (D:15)
  3 goliath frogs
  A swamp dragon (Swamp:3)
  A glowing orange brain (shapeshifter) (Elf:1)
  A bog body (Lair:4)
  2 deep elf archers
  2 orc knights (Orc:2)
  A wizard (Gauntlet)
  2 spriggan druids
  11 deep elf pyromancers
  A phantasmal warrior (D:14)
  A necromancer (D:13)
  11 deep elf zephyrmancers
  3 ugly things
  2 cyclopes
  4 will-o-the-wisps
  A wolf spider (D:13)
  6 manticores
  3 elephants (Lair:4)
  Maurice (Orc:2)
  A black mamba (Lair:5)
  A torpor snail (Gauntlet)
  8 cane toads
  2 rime drakes (Lair:5)
  4 komodo dragons
  An efreet (D:13)
  2 freezing wraiths
  2 unseen horrors
  6 trolls
  4 tengu conjurers (D:13)
  A polar bear (shapeshifter) (D:12)
  2 meliai (D:12)
  2 polar bears
  A hornet (D:9)
  6 tyrant leeches
  12 slime creatures
  13 blink frogs
  A water elemental (Elf:1)
  An air elemental (Elf:1)
  3 spriggans
  4 shadows
  A yak (shapeshifter) (D:13)
  3 wyverns
  9 wraiths
  A fire elemental (Elf:1)
  6 basilisks
  A basilisk (shapeshifter) (D:12)
  47 yaks
  A spriggan zombie (Swamp:3)
  The ghost of eyesofgods1 the Insei, an amateur GnTm (D:3)
  A redback (D:13)
  A steam dragon (D:10)
  22 vampire mosquitoes
  Menkaure (D:5)
  3 wargs
  An acid dragon (D:10)
  9 swamp worms
  A naga (Lair:3)
  9 water moccasins
  2 swamp drakes
  An ice beast (D:5)
  A black bear (D:4)
  2 sky beasts (D:7)
  49 orc warriors
  An elf zombie (Elf:2)
  7 ogres
  11 centaurs
  A phantom (D:7)
  7 bullfrogs
  An earth elemental (Elf:2)
  5 necrophages
  5 scorpions
  8 wights
  6 killer bees (D:8)
  3 electric eels
  4 howler monkeys
  6 crimson imps (D:12)
  2 hounds (D:5)
  2 jellies (Lair:5)
  17 orc priests
  2 gnoll boudas
  An iguana (D:7)
  7 orc wizards
  18 gnolls
  4 adders
  3 shadow imps
  3 white imps
  2 ufetubi
  2 worms
  A dart slug (D:2)
  85 orcs
  7 bats
  10 endoplasms
  5 goblins
  2 hobgoblins
  3 jackals
  5 kobolds
  5 ball pythons
  4 frilled lizards
  2 rats
639 creatures vanquished.

Vanquished Creatures (collateral kills)
  Gastronok (Lair:1)
  A ghoul (Swamp:3)
  3 eleionomae
  A shambling mangrove (Swamp:1)
  A ghost crab (Swamp:2)
  A boulder beetle (D:12)
  3 alligators
  A death knight (D:14)
  4 death yaks
  2 bog bodies
  An oklob plant (D:10)
  An orc knight (Orc:2)
  A deep elf zephyrmancer (Elf:1)
  An ugly thing (D:14)
  2 cyclopes
  3 elephants (Lair:4)
  2 black mambas
  2 cane toads (Lair:1)
  2 komodo dragons
  2 trolls
  A hornet (Swamp:3)
  A meliai (D:12)
  A slime creature (D:15)
  Sigmund (D:7)
  An elf zombie (Elf:2)
  A basilisk (Lair:1)
  7 yaks
  A steam dragon (D:6)
  2 vampire mosquitoes
  2 swamp worms
  2 orc warriors (Orc:2)
  4 water moccasins
  A swamp drake (Swamp:2)
  3 centaurs
  5 bullfrogs
  An earth elemental (Elf:2)
  2 necrophages
  A scorpion (D:4)
  2 wights (D:8)
  A crimson imp (D:12)
  2 orc wizards
  3 gnolls
  14 orcs
  2 endoplasms (Lair:5)
  2 hobgoblins (D:4)
  A jackal (D:5)
  A quokka (D:5)
  A kobold (D:4)
101 creatures vanquished.

Vanquished Creatures (others)
  A hydra (Swamp:4)
  2 deep elf knights
  2 goliath frog zombies
  2 eleionoma zombies
  A swamp worm zombie (Swamp:3)
  A redback zombie (D:13)
  An orb spider zombie (D:15)
  2 human zombies (D:13)
  2 hydra zombies
  2 bloated husks (Swamp:1)
  3 meliai zombies (D:12)
  A black mamba zombie (Lair:5)
  2 slime creature zombies (D:13)
  3 tengu zombies (D:13)
  A cane toad zombie (Lair:5)
  2 manticore zombies
  17 elf zombies
  A blink frog zombie (Lair:1)
  A centaur (Orc:2)
  4 vampire mosquito zombies
  A rime drake zombie (Lair:5)
  A komodo dragon zombie (Lair:4)
  A water moccasin zombie (Lair:4)
  2 cyclops zombies
  4 yak zombies
  2 troll zombies
  A spriggan zombie (Swamp:4)
  A howler monkey (D:13)
  5 bullfrog zombies
  8 centaur zombies
  2 basilisk zombies
  4 killer bee zombies (D:8)
  A sky beast zombie (D:7)
  An ogre zombie (Orc:2)
  A steam dragon zombie (D:10)
  2 swamp drake zombies
  An adder zombie (D:3)
  A spectral shadow imp (Gauntlet)
  2 bat zombies (D:3)
  4 gnoll zombies
  2 ball python zombies
  4 endoplasm zombies
  2 goblin zombies
  A jackal zombie (D:3)
  A kobold zombie (D:2)
  47 orc zombies
  A demonic plant (Gauntlet)
  10 foxfires
  27 fungi
  68 plants
259 creatures vanquished.

Grand Total: 999 creatures vanquished

Notes
Turn   | Place    | Note
-------+----------+-------------------------------------------
     0 | D:1      | wilfster70 the Minotaur Fighter began the quest for the
                  | Orb.
     0 | D:1      | Reached XP level 1. HP: 19/19 MP: 0/0
    22 | D:1      | You fall into a shaft and drop 1 floor!
   480 | D:1      | Reached XP level 2. HP: 27/27 MP: 1/1
  1164 | D:2      | Found a faded altar of an unknown god.
  1167 | D:2      | Prayed at the altar of an unknown god.
  1167 | D:2      | Became a worshipper of Yredelemnul the Dark
  1167 | D:2      | Reached * piety under Yredelemnul
  1506 | D:2      | Reached XP level 3. HP: 32/33 MP: 2/2
  1656 | D:2      | Reached skill level 4 in Fighting
  1705 | D:2      | Noticed a scorpion
  1721 | D:2      | Killed a scorpion
  1722 | D:2      | Reached XP level 4. HP: 17/40 MP: 3/3
  2063 | D:3      | Found a runed translucent door.
  2073 | D:3      | Noticed eyesofgods1's ghost (amateur GnTm)
  2090 | D:3      | Killed eyesofgods1's ghost
  2091 | D:3      | Reached XP level 5. HP: 9/47 MP: 4/4
  2462 | D:3      | Reached skill level 5 in Axes
  2469 | D:3      | Reached XP level 6. HP: 36/55 MP: 5/5
  2645 | D:3      | Found Ryoret's Armour Boutique.
  2658 | D:3      | Bought a +0 cloak for 63 gold pieces
  2902 | D:4      | Reached skill level 5 in Fighting
  2902 | D:4      | Reached skill level 5 in Armour
  2902 | D:4      | Reached skill level 5 in Shields
  3321 | D:4      | Got the Guide on Ice and the Retinue
  3389 | D:4      | Reached XP level 7. HP: 56/61 MP: 6/6
  3432 | D:4      | Reached ** piety under Yredelemnul
  3447 | D:4      | Found a staircase to the Ecumenical Temple.
  3903 | D:4      | Found the +7 staff of the Meek {protect, meekguard}
  4519 | D:5      | Entered Level 5 of the Dungeon
  4675 | D:5      | Reached skill level 6 in Fighting
  4966 | D:5      | Reached XP level 8. HP: 52/70 MP: 7/7
  5224 | D:5      | Noticed Menkaure
  5231 | D:5      | Killed Menkaure
  5853 | D:6      | Found a shimmering altar of Xom.
  5853 | D:6      | Found a sparkling altar of Nemelex Xobeh.
  5855 | D:6      | Found a broken altar of Ashenzari.
  5878 | D:6      | Found a sacrificial altar of Ru.
  6053 | D:6      | Reached skill level 7 in Fighting
  6770 | D:7      | Reached XP level 9. HP: 79/79 MP: 8/8
  7002 | D:7      | Reached skill level 10 in Axes
  7036 | D:7      | Identified the ring of Due Proportion {Fly rCorr}
  7047 | D:7      | Reached skill level 8 in Fighting
  7142 | D:7      | Noticed Sigmund
  7153 | D:7      | Killed Sigmund
  7908 | D:8      | Identified the +5 scale mail of Eriruen {Harm rPois rC-
                  | Int+3}
  8147 | D:8      | Reached *** piety under Yredelemnul
  8152 | D:8      | Reached skill level 9 in Fighting
  8153 | D:8      | Reached **** piety under Yredelemnul
  8155 | D:8      | Reached XP level 10. HP: 88/91 MP: 9/9
  8157 | D:8      | Reached ***** piety under Yredelemnul
  8166 | D:8      | Found a stormy altar of Qazlal.
  8166 | D:8      | Found a bloodstained altar of Trog.
  8167 | D:8      | Found a hazy altar of Hepliaklqana.
  8168 | D:8      | Found a glowing silver altar of Zin.
  8170 | D:8      | Found a blossoming altar of Fedhas.
  8170 | D:8      | Found a radiant altar of Vehumet.
  8171 | D:8      | Found a hide-covered altar of Uskayaw.
  8172 | D:8      | Found a shimmering blue altar of Sif Muna.
  8172 | D:8      | Found a glowing golden altar of the Shining One.
  8173 | D:8      | Found a basalt altar of Yredelemnul.
  9229 | D:9      | Identified a scroll of acquirement
  9229 | D:9      | Acquired a +4 broad axe of flaming
  9504 | D:9      | Paralysed by a hornet for 3 turns
  9770 | D:9      | Reached skill level 10 in Armour
  9771 | D:9      | Reached skill level 10 in Fighting
  9913 | D:9      | Found a staircase to the Orcish Mines.
 10198 | D:10     | Entered Level 10 of the Dungeon
 10205 | D:10     | Found Nisurica's Distillery.
 10338 | D:10     | Bought a potion of berserk rage for 70 gold pieces
 10338 | D:10     | Bought a potion of brilliance for 56 gold pieces
 10612 | D:10     | Noticed an oklob plant
 10615 | D:10     | Found a staircase to the Lair.
 10626 | D:10     | Reached XP level 11. HP: 74/101 MP: 10/10
 10782 | D:10     | Killed an oklob plant
 10834 | D:10     | Noticed Erica
 10841 | D:10     | Killed Erica
 11120 | Lair:1   | Entered Level 1 of the Lair of Beasts
 11142 | Lair:1   | Reached skill level 11 in Fighting
 11253 | Lair:1   | Reached skill level 15 in Axes
 11566 | Lair:1   | Found a white marble altar of Elyvilon.
 11578 | Lair:1   | Killed Gastronok
 11579 | Lair:1   | Reached skill level 12 in Fighting
 12365 | Lair:2   | Reached XP level 12. HP: 113/113 MP: 11/11
 12492 | Lair:2   | Found a runed translucent door.
 12493 | Lair:2   | Noticed Kyverph's ghost (journeyman DECj)
 12517 | Lair:2   | Killed Kyverph's ghost
 12895 | Lair:2   | Found a shimmering blue altar of Sif Muna.
 13434 | Lair:3   | Noticed a boulder beetle
 13666 | Lair:3   | Reached skill level 13 in Fighting
 13677 | Lair:3   | Killed a boulder beetle
 13713 | Lair:3   | Found a staircase to the Snake Pit.
 13972 | Lair:3   | Noticed a death yak
 13973 | Lair:3   | Noticed a death yak
 13974 | Lair:3   | Noticed a death yak
 13979 | Lair:3   | Killed a death yak
 13984 | Lair:3   | Killed a death yak
 13986 | Lair:3   | Killed a death yak
 13992 | Lair:3   | Reached skill level 14 in Fighting
 14021 | Lair:3   | Reached ****** piety under Yredelemnul
 14546 | Lair:4   | Noticed a five-headed hydra
 14553 | Lair:4   | Killed a one-headed hydra
 14585 | Lair:4   | Reached skill level 15 in Fighting
 14799 | Lair:4   | Found a staircase to the Swamp.
 14805 | Lair:4   | Reached skill level 1 in Throwing
 15299 | Lair:4   | Identified the +1 flail of the Forging Gods {vamp, Fly
                  | rPois rC- SInv}
 15309 | Lair:4   | Noticed a death yak
 15311 | Lair:4   | Noticed a death yak
 15312 | Lair:4   | Noticed a death yak
 15313 | Lair:4   | Noticed a death yak
 15316 | Lair:4   | Noticed a death yak
 15320 | Lair:4   | Noticed a death yak
 15321 | Lair:4   | Killed a death yak
 15322 | Lair:4   | Reached XP level 13. HP: 127/127 MP: 12/12
 15864 | Lair:4   | Reached skill level 16 in Fighting
 16141 | D:3      | Bought a +2 pair of gloves of infusion for 301 gold pieces
 16141 | D:3      | Bought a +1 pair of boots of flying for 231 gold pieces
 16380 | Lair:4   | Reached skill level 5 in Throwing
 16865 | Lair:5   | Found a viscous altar of Jiyva.
 16865 | Lair:5   | Found a staircase to the Slime Pits.
 17898 | Orc:1    | Entered Level 1 of the Orcish Mines
 18277 | Orc:1    | Upgraded the game from 0.29-a0-830-gcb1280458a to
                  | 0.29-a0-834-g1e95ca9f62
 18383 | Orc:1    | Found Mis Ipt's Assorted Antiques.
 18459 | Orc:1    | Bought a scroll of identify for 62 gold pieces
 18589 | Orc:2    | Entered Level 2 of the Orcish Mines
 18620 | Orc:2    | Reached skill level 17 in Fighting
 18948 | Orc:2    | Found a staircase to the Elven Halls.
 19893 | Orc:2    | Noticed Maurice
 19911 | Orc:2    | Killed Maurice
 20092 | Orc:2    | Found Castuong's Antique Armour Shop.
 20092 | Orc:2    | Found Utituh's Book Shoppe.
 20092 | Orc:2    | Found Biedauci's Distillery.
 20096 | Orc:2    | Found Zijic's General Store.
 20703 | D:11     | Reached XP level 14. HP: 104/141 MP: 1/13
 21539 | D:12     | Reached skill level 1 in Dodging
 21601 | D:12     | Reached skill level 18 in Fighting
 22594 | D:12     | Noticed Josephine
 22604 | D:12     | Killed Josephine
 22617 | D:12     | Found Xuzass's Mayhem Merchandise.
 22650 | D:12     | Noticed Urug
 22657 | D:12     | Killed Urug
 22851 | D:13     | Reached skill level 5 in Dodging
 22874 | D:13     | Found Sanefe's General Store.
 22890 | D:13     | Reached skill level 19 in Fighting
 22922 | D:13     | HP: 5/146 [tengu conjurer/bolt of lightning (17)]
 23096 | D:13     | Found a gate to the Vaults.
 23142 | D:13     | Found a gate leading to a gauntlet.
 23153 | Gauntlet | Entered a Gauntlet
 23153 | Gauntlet | Found a transporter.
 23312 | Gauntlet | Found a transporter.
 23327 | Gauntlet | Found a transporter.
 23335 | Gauntlet | Noticed a reaper
 23335 | Gauntlet | Found a transporter.
 23335 | Gauntlet | Found a transporter.
 23335 | Gauntlet | Found a transporter.
 23355 | Gauntlet | Identified a ring "Epeoraus" {Drain rElec rF+ Str+7 Int+4}
 23378 | Gauntlet | Found a transporter.
 23973 | D:13     | Identified the +5 mace "Jain Ved" {speed, rPois MP-9 Int+3
                  | SInv}
 24042 | D:13     | Reached skill level 1 in Evocations
 24671 | D:13     | Reached XP level 15. HP: 122/155 MP: 6/14
 25166 | D:14     | Found a portal to a secret trove of treasure.
 25691 | D:14     | Reached skill level 20 in Fighting
 26058 | D:15     | Entered Level 15 of the Dungeon
 26152 | D:15     | Reached skill level 5 in Evocations
 27088 | D:15     | Found a staircase to the Depths.
 27876 | Elf:1    | Entered Level 1 of the Elven Halls
 28134 | Elf:1    | Found Xyrokled's Jewellery Shoppe.
 28485 | Elf:1    | Found Orior's Assorted Antiques.
 28510 | Elf:1    | HP: 3/156 [deep elf archer/arrow (19)]
 28525 | Elf:1    | Noticed a deep elf sorcerer
 28526 | Elf:1    | HP: 1/156 [something (16)]
 28943 | Elf:1    | Found Xijotiu's Armour Boutique.
 28944 | Elf:1    | You are sucked into a shaft and drop 1 floor!
 28945 | Elf:2    | Found a huge runed translucent gate.
 28946 | Elf:2    | Found a huge runed translucent gate.
 28947 | Elf:2    | Found a huge runed translucent gate.
 28948 | Elf:2    | Found a huge runed translucent gate.
 28949 | Elf:2    | Found a huge runed translucent gate.
 29313 | Elf:2    | HP: 7/157 [deep elf knight zombie[the player character]
                  | (8)]
 29899 | Elf:1    | Killed a deep elf sorcerer
 29913 | Elf:1    | Reached skill level 21 in Fighting
 30463 | Swamp:1  | Entered Level 1 of the Swamp
 30746 | Swamp:1  | Reached XP level 16. HP: 119/167 MP: 7/15
 31420 | Swamp:1  | Identified the +1 leather armour of the Ecumenical Temple
                  | {Harm *Corrode rF+ Str+6}
 31669 | Swamp:2  | You are sucked into a shaft and drop 1 floor!
 31703 | Swamp:3  | Identified the +1 pair of boots of Etiucoeh {Will- Int+6
                  | Dex-3}
 31723 | Swamp:2  | Reached skill level 10 in Evocations
 32450 | Swamp:3  | HP: 7/167 [ghoul (13)]
 32709 | Swamp:3  | Paralysed by a hornet for 2 turns
 32898 | Swamp:3  | Found a radiant altar of Vehumet.
 33152 | Swamp:4  | Entered Level 4 of the Swamp
 33227 | Swamp:4  | Mangled by a seven-headed hydra

Illustrated notes

Levels and vault maps discovered:
D:1:      lemuel_arrival_tunnels, layout_basic, serial_forest,
          infiniplex_forest_corner_2, infiniplex_forest_straight_1,
          infiniplex_forest_end_1, infiniplex_forest_lined_2,
          infiniplex_forest_corner_1, infiniplex_forest_straight_4,
          infiniplex_forest_fountain, serial_park_tiny_1, reono_crystal_passage
D:2:      layout_basic, nicolae_ecumenical_oubliette, due_unseen_surprise
D:3:      layout_rooms, ebering_ghost_reflecting_pool, serial_shops,
          nicolae_diamond_shop, minmay_pentomino_pile
D:4:      layout_loops_ring, minmay_temple_entry_drinking_statues, st_stairs_8,
          pf_guarded_unrand_meek
D:5:      layout_gridville, kennysheep_generic_room_11, uniq_menkaure
D:6:      nicolae_cairo_tiling_large_dashed, layout_loops_ring,
          nicolae_overflow_quartered_altars
D:7:      layout_gridville, sigmund_army
D:8:      layout_gridville, nicolae_overflows_in_rows, chequers_big_river,
          grunt_ministairs_6, minivault_5
D:9:      layout_irregular_city, david_orc_5
D:10:     layout_basic, dpeg_oklobed_lair, serial_shops, shop, uniq_erica
D:11:     layout_roguey [special_room_orc]
D:12:     layout_irregular_city, dreamdust_mushroom_princess,
          minmay_shop_mayhem, minmay_nine_imps, uniq_josephine, uniq_urug
D:13:     minmay_swirls_squares, layout_loops_ring,
          lightli_vaults_fourway_checkpoint, serial_shops,
          kennysheep_little_box, gauntlet_entry_generic, lemuel_flamethrower_3
D:14:     layout_long_grid, nicolae_trove_entry_columns, feat_on_display
D:15:     grunt_enter_depths_hoard, layout_long_grid, roderic_serpentine_path
Lair:1:   layout_hall_layers, basic_altar, grunt_megastairs_5, uniq_gastronok
Lair:2:   layout_cave_pods, basic_altar, gammafunk_ghost_grave
Lair:3:   layout_misc_corridors, guppyfry_snake_entry_island
Lair:4:   beast_lair_carwin_large_2, layout_cave_pods,
          nicolae_swamp_entry_splash_gauntlet, serial_bayou_shore_b,
          grunt_megastairs_1
Lair:5:   layout_cave_pods, nicolae_slime_entry_slimehenge
Swamp:1:  nicolae_swamp_wrong_neighborhood, layout_falls_marsh,
          nicolae_swamp_orc_logging_accident
Swamp:2:  layout_falls_marsh, nicolae_swamp_treefoil, swamp_pool1,
          nicolae_swamp_little_tower
Swamp:3:  layout_basic_swamp, nicolae_swamp_godswood, swamp_pool3,
          infiniplex_staircase_pool_2
Swamp:4:  swamp_icy, layout_basic_swamp
Orc:1:    layout_caves, serial_shops, nicolae_shop_stone, bh_open_orc_temple
Orc:2:    st_orc_rangers, layout_diamond_mine, uniq_maurice
Elf:1:    elf_arrival_001, layout_loops_corners, serial_co_window_serial,
          co_window_cross_1, co_window_of_opportunity_a, co_window_paths_b,
          co_window_corner_a, co_window_paths_a, co_window_unsneaky_path_c,
          co_window_of_opportunity_b, co_window_paths_c,
          co_window_unsneaky_path_a, co_window_of_opportunity_b,
          co_window_4corner_a, serial_shops, nicolae_take_the_stairs, shop,
          shop, nicolae_shop_overgrown_old_shop
Elf:2:    elven_hall_of_blades_hangedman_alternative
          [nooodl_blade_entry_preview], layout_onion_city,
          hangedman_elf_simple_split, roderic_roman_lattice, grunt_ministairs_14

Skill      XL: |  1  2  3  4  5  6  7  8  9 10 11 12 13 14 15 16 |
---------------+-------------------------------------------------+-----
Axes           | 3 4 5 6 7 9 12 14 16 18 | 18.0
Fighting       | 4 5 6 7 9 10 12 15 17 19 21 | 21.8
Armour         | 4 5 6 7 9 10 11 | 11.0
Shields        | 4 5 6 |  6.0
Throwing       | 2 8 |  8.6
Dodging        | 7 |  7.8
Evocations     | 3 9 11 | 11.7

Action                   |  1- 3 |  4- 6 |  7- 9 | 10-12 | 13-15 | 16-18 || total
-------------------------+-------+-------+-------+-------+-------+-------++-------
Melee: War axe           |    55 |    65 |   242 |    41 |       |       ||   403
       Headbutt          |    10 |     7 |    40 |    91 |   166 |    46 ||   360
       Broad axe         |       |       |       |   352 |   831 |   174 ||  1357
Throw: Javelin           |       |       |       |       |     1 |       ||     1
Invok: Recall Undead Har |       |       |       |       |     1 |       ||     1
Evoke: Wand              |       |       |       |       |     4 |       ||     4
       Tin of tremorston |       |       |       |       |     3 |       ||     3
       Phial of floods   |       |       |       |       |     2 |       ||     2
       Box of beasts     |       |       |       |       |     1 |       ||     1
  Use: Potion            |     1 |       |       |       |    19 |       ||    20
       Scroll            |       |       |    14 |    11 |    12 |     2 ||    39
 Stab: Distracted        |       |       |     4 |     3 |     2 |     1 ||    10
       Paralysed         |       |       |       |       |     1 |       ||     1
Armor: Scale mail        |    24 |    26 |       |       |       |       ||    50
       Chain mail        |       |     9 |   172 |   191 |    23 |       ||   395
       Plate armour      |       |       |       |       |   630 |   124 ||   754
Dodge: Dodged            |    25 |    37 |    85 |   104 |   284 |    58 ||   593
Block: Buckler           |    11 |    19 |    60 |    73 |   206 |    36 ||   405

Table legend: (Time is in decaauts)
 A = Elapsed time spent in this place.
 B = Non-inter-level travel time spent in this place.
 C = Inter-level travel time spent in this place.
 D = Time resting spent in this place.
 E = Time spent auto-exploring this place.
 F = Levels seen in this place.
 G = Mean time per level.
                   A        B        C        D        E       F      G
               +--------+--------+--------+--------+--------+-----+--------+
         Total |  33003 |  31103 |   1900 |   9263 |  12744 |  29 | 1138.0 |
       Dungeon |  18251 |  17160 |   1091 |   4416 |   7779 |  15 | 1216.7 |
          Lair |   6497 |   5896 |    601 |   1012 |   3127 |   5 | 1299.4 |
         Swamp |   2713 |   2668 |     45 |    560 |   1203 |   4 |  678.2 |
  Orcish Mines |   2882 |   2769 |    113 |   1624 |    444 |   2 | 1441.0 |
   Elven Halls |   2057 |   2009 |     48 |   1215 |    191 |   2 | 1028.5 |
      Gauntlet |    601 |    601 |      0 |    436 |      0 |   1 |  601.0 |
               +--------+--------+--------+--------+--------+-----+--------+

Top non-repeatable levels by time:
  Lair:4: 1671 daAuts
   Orc:2: 1587 daAuts
     D:8: 1572 daAuts
     D:4: 1551 daAuts
    D:13: 1462 daAuts
    D:15: 1423 daAuts
    D:14: 1409 daAuts
    D:12: 1327 daAuts
     D:5: 1327 daAuts
  Lair:2: 1297 daAuts
   Orc:1: 1294 daAuts
  Lair:1: 1262 daAuts
  Lair:5: 1205 daAuts
     D:9: 1159 daAuts
     D:1: 1157 daAuts
